 Dungeon Crawl Stone Soup version 0.31.0-4-g52a2dc7128 (webtiles) character file.

Game seed: 7906964914661647895

4 Leszczynek the Sneak (level 1, -1/14 HPs)
             Began as a Tengu Delver on Jan 21, 2024.
             Slain by an orc
             ... wielding a +1 trident of protection
              (6 damage)
             ... on level 5 of the Dungeon.
             The game lasted 00:04:10 (417 turns).

Leszczynek the Sneak (Tengu Delver)                  Turns: 417, Time: 00:04:10

Health: -1/14      AC:  5    Str: 12    XL:     1   Next: 60%
Magic:  2/2        EV: 26    Int: 10    God:
Gold:   0          SH:  0    Dex: 15    Spells: 0/0 levels left

rFire   . . .        a - +0 mace
rCold   . . .        (no shield)
rNeg    . . .        h - +0 ring mail
rPois   .            (helmet restricted)
rElec   .            (no cloak)
rCorr   .            (no gloves)
SInv    .            (boots unavailable)
Will    .....        (no amulet)
Stlth   ++           (no ring)
HPRegen 0.22/turn    (no ring)
MPRegen 0.08/turn

%: acrobat
@: acrobatic
A: beak, talons 3, acrobatic
a: no special abilities


You were on level 5 of the Dungeon.
You visited 1 branch of the dungeon, and saw 3 of its levels.

Inventory:

Hand Weapons
 a - a +0 mace (weapon)
Armour
 b - a +0 leather armour
 h - a +0 ring mail (worn)
Wands
 g - a wand of digging (2)
Scrolls
 c - 2 scrolls of fog
 e - a scroll of fear
 i - a scroll of vulnerability {unknown}


   Skills:
 + Level 3.1 Fighting
 * Level 2.5 Maces & Flails
 - Level 2.1 Dodging
 - Level 5.0 Stealth


You couldn't memorise any spells.
You didn't know any spells.
Your spell library was empty.

Dungeon Overview and Level Annotations

Branches:
Dungeon (6/15)
 Temple: D:4-7

Altars:
Fedhas
Gozag
Hepliaklqana
The Shining One

Annotations:
D:5 exclusions: 2 hounds, 3 jellies, ogre, scorpion and sleepcap


Innate Abilities, Weirdness & Mutations

You have a beak for a mouth.
You have claws for feet.
You can magically evade attacks while moving or waiting.


Message History

An orc comes into view. It is wielding a +0 mace.
The orc shouts!
You barely miss the orc. The orc hits you with a +0 mace.
You closely miss the orc. You peck the orc.
The orc is almost dead.
The orc hits you but does no damage. The orc barely misses you.
You sock the orc!
You kill the orc!
You see here a +0 mace.
An orc comes into view.
It is wielding a +1 trident of protection.
A jelly comes into view.
Press: ? - help, v - describe, . - travel
Here: a jelly (asleep)
The floor.
Placed new exclusion.
Found a stone staircase leading down.
Unknown command.
A jelly and a scorpion come into view.
Placed new exclusion.
Press: ? - help, v - describe, . - travel
Here: a jelly (asleep)
The floor.
Placed new exclusion.
A gnoll comes into view. It is wielding a +0 whip.
The gnoll shouts!
You hear a shout!
A gnoll comes into view. It is wielding a +0 flail.
The orc shouts!
Unknown command.
The orc misses you. The orc misses you.
The orc hits you from afar with a +1 trident of protection.
The orc hits you but does no damage. The orc attacks as it pursues you!
The orc closely misses you. The orc attacks as it pursues you!
The orc hits you from afar with a +1 trident of protection.
The orc attacks as it pursues you! The orc completely misses you.
The orc attacks as it pursues you! The orc completely misses you.
The orc attacks as it pursues you!
The orc hits you from afar with a +1 trident of protection.
You die...

. ##.#........#####......... .#
##.h#......g.# #.........
...##..##.......g# #.........
⌠..#.............# #.$......J
...(......######.# #......#####
#........######.#####.##.#......
#.#............o.........#......
#[#.#.....#####.####............
#.#............@#...............
#.#############...##............
##..............>.#########......
......................# #......
###########...#.......# #......
....##...#.......# #######
.................####
)...................#
............###.....#


You could see 2 gnolls and an orc.

Vanquished Creatures
  2 orcs
2 creatures vanquished.

Notes
Turn   | Place    | Note
-------+----------+-------------------------------------------
     0 | D:5      | Leszczynek the Tengu Delver began the quest for the Orb.
     0 | D:5      | Reached XP level 1. HP: 14/14 MP: 2/2
    20 | D:5      | Noticed a jelly
    37 | D:5      | Noticed a hound
    86 | D:5      | Noticed a sleepcap
   103 | D:5      | Noticed an ogre
   203 | D:5      | Noticed a gnoll bouda
   230 | D:6      | Noticed a hound
   232 | D:6      | Noticed a scorpion
   251 | D:5      | Noticed a hound
   288 | D:4      | Found a blossoming altar of Fedhas.
   288 | D:4      | Found a hazy altar of Hepliaklqana.
   288 | D:4      | Found an opulent altar of Gozag.
   288 | D:4      | Found a glowing golden altar of the Shining One.
   360 | D:5      | Noticed a jelly
   376 | D:5      | Noticed a jelly
   376 | D:5      | Noticed a scorpion
   417 | D:5      | Slain by an orc

Illustrated notes

Levels and vault maps discovered:
D:4:      layout_loops_corners, kennysheep_mini_moat, lightli_temple_of_fire,
          nicolae_overflow_hidden_temple, serial_shops,
          nicolae_shop_back_alley_shop, hangedman_decor_peaks_small,
          chequers_serial_rivers_marsh, minivault_11
D:5:      layout_basic, minmay_temple_entry_waves
D:6:      layout_rooms, grunt_ministairs_6

Action                     || total
---------------------------++-------
  Melee: Mace              ||     5
         Kick              ||     1
         Peck              ||     1
  Evoke: Wand              ||     1
    Use: Scroll            ||     1
         Potion            ||     1
 Armour: Ring mail         ||     7
  Dodge: Dodged            ||    17
